[Event "Late-Titled-Tuesday-Blitz-December-26-2023"]
[Site "Chess.com"]
[Date "2023.12.26"]
[Round "2"]
[White "Agibileg"]
[Black "McCarthyStone"]
[Result "1-0"]
[WhiteElo "2687"]
[BlackElo "2413"]
[TimeControl "180+1"]
[EndTime "14:16:30 PST"]
[Termination "Agibileg won by resignation"]

1. d4 d6 2. Nf3 Nf6 3. c4 g6 4. Nc3 Bg7 5. e4 O-O 6. Be2 e5 7. O-O exd4 8. Nxd4 Re8 9. f3 Nc6 10. Be3 Nh5 11. Re1 Nf4 12. Bf1 Be5 13. Qd2 Qg5 14. Nxc6 bxc6 15. g3 Qh5 16. gxf4 Bxc3 17. Qxc3 Qxf3 18.
Bg2 Qh5 19. Qf6 c5 20. Bd2 Re6 21. Qd8+ Kg7 22. Bc3+ f6 23. e5 Qg4 24. exf6+ Kh6 25.
f7 Bb7 26. f8=Q+ Kh5 27. Qh6+ Kxh6 28. Qg5+ Qxg5 29. fxg5+ Kxg5 30. Rxe6 Bxg2 31. Kxg2 Re8 32. Rxe8 h5 1-0

[Event "Late-Titled-Tuesday-Blitz-December-26-2023"]
[Site "Chess.com"]
[Date "2023.12.26"]
[Round "2"]
[White "albi1999"]
[Black "hsd2016"]
[Result "1-0"]
[WhiteElo "2663"]
[BlackElo "2257"]
[TimeControl "180+1"]
[EndTime "14:16:32 PST"]
[Termination "albi1999 won on time"]

1. Nf3 Nf6 2. c4 c6 3. e3 d5 4. Nc3 g6 5. b3 Bg7 6. Bb2 O-O 7. d4 Re8 8. Be2 a6 9. O-O b5 10. Rc1 Nbd7 11. cxd5 cxd5 12. a4 b4 13. Na2 a5 14.
Bb5 Ba6 15. Qe2 Qb6 16. Bxa6 Rxa6 17. Rc2 e6 18. Rfc1 Bf8 19. Nd2 Bd6 20. h3 Bb8 21.
Rf1 Qd6 22. f4 Nh5 23. Qb5 Ng3 24. Re1 Nf5 25. Nc1 Rb6 26. Qxa5 Nxe3 27. Rxe3 Qxf4 28. Nf1 Bc7 29. Nd3 Qd6 30. Qa7 Rc8 31. Re1 Rc6 32.
Rec1 Rxc2 33. Rxc2 1-0

[Event "Late-Titled-Tuesday-Blitz-December-26-2023"]
[Site "Chess.com"]
[Date "2023.12.26"]
[Round "2"]
[White "frederiksvane"]
[Black "Sanyura"]
[Result "1-0"]
[WhiteElo "2973"]
[BlackElo "2609"]
[TimeControl "180+1"]
[EndTime "14:16:36 PST"]
[Termination "frederiksvane won by resignation"]

1. e4 c5 2. Nf3 e6 3. g3 Nc6 4.
Bg2 d5 5. exd5 exd5 6. O-O Bd6 7.
d4 Nge7 8. dxc5 Bxc5 9. a3 Bg4 10.
h3 Bxf3 11. Qxf3 O-O 12. Nc3 d4 13. Ne4 Bb6 14. Bf4 Ng6 15. Rad1 Nxf4 16. Qxf4 Rc8 17. c3 Qc7 18. Qxc7 Rxc7 19. c4 Re7 20. b4 a6 21. Nd6 Re6 22. c5 Bc7 23. Nxb7 Rb8 24.
Rfe1 Rxe1+ 25. Rxe1 Ne5 26. Rd1 Nc4 27. Rxd4 Nxa3 28.
Rd7 Be5 29. Bd5 h5 30. Rxf7 Kh8 31. c6 Nb5 32. Rf5 1-0

[Event "Late-Titled-Tuesday-Blitz-December-26-2023"]
[Site "Chess.com"]
[Date "2023.12.26"]
[Round "2"]
[White "Ali_rastbod"]
[Black "MFBerna"]
[Result "1-0"]
[WhiteElo "2725"]
[BlackElo "2381"]
[TimeControl "180+1"]
[EndTime "14:16:39 PST"]
[Termination "Ali_rastbod won on time"]

1. b3 e5 2. Bb2 Nc6 3. e3 Nf6 4. Bb5 Bd6 5. Na3 Na5 6. Be2 O-O 7. c4 Qe7 8. Nc2 c5 9. Nf3 Nc6 10. O-O Bc7 11. d4 exd4 12. exd4 cxd4 13. Re1 d5 14.
Ncxd4 Rd8 15. cxd5 Nxd5 16. Bc4 Qd7 17. Nxc6 bxc6 18.
Qd4 Nf6 19. Qh4 Qf5 20. Ng5 Nd5 21. Nxh7 Be6 22. Ng5 Bd7 23. Rad1 Bb6 24. Nf3 Re8 25. Bd3 Bd8 26. Rxe8+ Bxe8 27. Bxf5 Bxh4 28. Nxh4 1-0

[Event "Late-Titled-Tuesday-Blitz-December-26-2023"]
[Site "Chess.com"]
[Date "2023.12.26"]
[Round "2"]
[White "ShahMatKanal"]
[Black "elchacal664"]
[Result "1-0"]
[WhiteElo "2520"]
[BlackElo "2280"]
[TimeControl "180+1"]
[EndTime "14:16:42 PST"]
[Termination "ShahMatKanal won by checkmate"]

1. e4 c5 2. d4 cxd4 3. c3 d3 4. Bxd3 d6 5. Nf3 Nc6 6. O-O g6 7. c4 Bg7 8. Nc3 Bd7 9. Rb1 Nf6 10. b3 O-O 11. Bb2 a6 12. Re1 Rb8 13. a4 Nb4 14. Bf1 Bg4 15. h3 Bxf3 16. Qxf3 Nd7 17. Nd5 Nxd5 18. Bxg7 Kxg7 19. exd5 a5 20. Qc3+ Kg8 21.
Re3 Re8 22. Rbe1 b6 23. h4 h5 24. Bd3 Nf6 25. Rg3 Kh7 26. Rg5 Qc7 27. g4 hxg4 28. h5 Rg8 29. Kg2 Kg7 30. Rh1 Kf8 31. hxg6 fxg6 32.
Rxg6 Rxg6 33. Bxg6 Kg7 34. Rh7+ Kxg6 35. Qd3+ Kg5 36.
Rg7+ Kf4 37. Qe3+ Kf5 38. Rg5# 1-0

[Event "Late-Titled-Tuesday-Blitz-December-26-2023"]
[Site "Chess.com"]
[Date "2023.12.26"]
[Round "2"]
[White "micke12a"]
[Black "SmirnovTimofey2000"]
[Result "1-0"]
[WhiteElo "2411"]
[BlackElo "2012"]
[TimeControl "180+1"]
[EndTime "14:16:42 PST"]
[Termination "micke12a won by resignation"]

1. e4 e5 2. Nf3 Nf6 3. Nxe5 d6 4. Nf3 Nxe4 5. c4 Be7 6. d4 Bg4 7. Bd3 Nf6 8. Nc3 O-O 9. h3 Bh5 10.
O-O Nbd7 11. Re1 a5 12. Bf4 Re8 13. g4 Bg6 14. Bxg6 hxg6 15. Qd3 c6 16. Re2 d5 17. cxd5 Nxd5 18. Nxd5 cxd5 19. Qb5 Nf6 20. Rc1 Ne4 21. Rc7 Bd6 22. Rd7 Qf6 23. Bxd6 Nxd6 24.
Rxd6 Qxf3 25. Rxe8+ Rxe8 26. Qxe8+ Kh7 27. Qe3 Qd1+ 28.
Kg2 b5 29. Rxd5 Qb1 30. Rxb5 Qxa2 31. d5 Qa4 32. Qd3 f5 33. gxf5 g5 34. f6+ g6 35.
f7 g4 36. f8=Q gxh3+ 37. Kh2 1-0

[Event "Late-Titled-Tuesday-Blitz-December-26-2023"]
[Site "Chess.com"]
[Date "2023.12.26"]
[Round "2"]
[White "BlackGod93"]
[Black "vugarrasulov"]
[Result "0-1"]
[WhiteElo "2588"]
[BlackElo "2921"]
[TimeControl "180+1"]
[EndTime "14:16:43 PST"]
[Termination "vugarrasulov won on time"]

1. d4 Nf6 2. Nf3 g6 3. Bg5 Bg7 4. Nbd2 d5 5. e3 O-O 6. Bd3 b6 7. Qe2 a5 8. c3 Ba6 9. c4 h6 10. Bf4 Nbd7 11. h4 c5 12. h5 Nxh5 13. Bxh6 Bxh6 14.
g4 Nf4 15. exf4 Bxf4 16. Nh4 e5 17. Qf3 Qg5 18. Rd1 Kg7 19. Qxd5 Nf6 20. Qc6 Bxd2+ 21. Rxd2 e4 22. Bf1 cxd4 23. Qxb6 Rh8 24. Qxd4 Rad8 0-1

[Event "Late-Titled-Tuesday-Blitz-December-26-2023"]
[Site "Chess.com"]
[Date "2023.12.26"]
[Round "2"]
[White "penguingm1"]
[Black "WPWPWP-2015"]
[Result "1-0"]
[WhiteElo "2910"]
[BlackElo "2578"]
[TimeControl "180+1"]
[EndTime "14:16:43 PST"]
[Termination "penguingm1 won by resignation"]

1. d4 Nf6 2. c4 e6 3. Nc3 Bb4 4. Qc2 d5 5. cxd5 Qxd5 6. Nf3 Qf5 7. Qb3 Nc6 8. Bd2 O-O 9. h3 h6 10. g4 Qa5 11. e3 a6 12. Bg2 Bd7 13. O-O Rfe8 14.
Rfd1 Rad8 15. Rac1 Nd5 16. a3 Nxc3 17. bxc3 Qxa3 18.
Qc2 Nxd4 19. cxd4 Ba4 20. Bxb4 Qxb4 21. Qd2 Qd6 22. Re1 Bc6 23. Qc3 Re7 24. Qc5 Qxc5 25. Rxc5 Be4 26. Ne5 Bxg2 27. Kxg2 c6 28. Rb1 f6 29.
Nc4 Rc7 30. Na5 Rdd7 31. Rb6 Kf8 32. Rc2 e5 33. dxe5 fxe5 34. Nb3 Re7 35. Nc5 Kf7 36. Rcb2 g6 37. Nxb7 Ke6 38. Nc5+ Kd5 39. Nxa6 Ra7 40. Nb4+ Ke6 41. Nxc6 1-0

[Event "Late-Titled-Tuesday-Blitz-December-26-2023"]
[Site "Chess.com"]
[Date "2023.12.26"]
[Round "2"]
[White "Felix-Rose"]
[Black "ccccvhhhj"]
[Result "0-1"]
[WhiteElo "2243"]
[BlackElo "2482"]
[TimeControl "180+1"]
[EndTime "14:16:45 PST"]
[Termination "ccccvhhhj won on time"]

1. d4 e5 2. dxe5 d6 3. exd6 Bxd6 4. Nf3 Nc6 5. Nbd2 Bg4 6. h3 Bh5 7. e4 Qe7 8. Bb5 Nf6 9. O-O O-O 10. Bxc6 bxc6 11.
e5 Bxe5 12. Re1 Rfe8 13. g4 Nxg4 14. hxg4 Bxg4 15. Re4 Bh5 16. Qe2 f6 17. Qc4+ Kh8 18.
Nxe5 fxe5 19. Nf1 Bf3 20. Rh4 e4 21. Rh3 Qd7 22. Rg3 Re6 23. Nh2 Qd1+ 24. Qf1 Qxc2 25.
Be3 Rf8 26. Nxf3 exf3 27. Qc1 Qf5 28. Qc3 Rg6 29. Rf1 Qh3 0-1

[Event "Late-Titled-Tuesday-Blitz-December-26-2023"]
[Site "Chess.com"]
[Date "2023.12.26"]
[Round "2"]
[White "Dr_crypt"]
[Black "Doraemon7"]
[Result "0-1"]
[WhiteElo "2368"]
[BlackElo "2685"]
[TimeControl "180+1"]
[EndTime "14:16:47 PST"]
[Termination "Doraemon7 won by resignation"]

1. Nf3 d5 2. e3 Nf6 3. b3 Bf5 4. c4 e6 5. cxd5 exd5 6. Be2 Bd6 7. Ba3 O-O 8. d3 Re8 9. O-O Nc6 10. Bxd6 Qxd6 11. Nbd2 a5 12. Qc1 a4 13.
Qc3 Bg4 14. h3 Bh5 15. d4 Ne4 16. Qb2 a3 17. Qc1 Nb4 18. Re1 Nf6 19. Bf1 Rec8 20.
Qc3 Bg6 21. Rec1 b6 22. Ne5 c5 23. Nxg6 hxg6 24. dxc5 bxc5 25. Nf3 Ne4 26. Qe1 Qf6 27. Nd2 Nc3 28. Nc4 Ncxa2 29. Nb6 Qxb6 0-1

[Event "Late-Titled-Tuesday-Blitz-December-26-2023"]
[Site "Chess.com"]
[Date "2023.12.26"]
[Round "2"]
[White "MelihKaanCan"]
[Black "dcremisi"]
[Result "0-1"]
[WhiteElo "2367"]
[BlackElo "2679"]
[TimeControl "180+1"]
[EndTime "14:16:48 PST"]
[Termination "dcremisi won on time"]

1. e4 e6 2. d4 d5 3. Nd2 a6 4.
e5 Bd7 5. Ngf3 c5 6. c3 h6 7. Bd3 Bb5 8. Bxb5+ axb5 9. dxc5 Bxc5 10. b4 Bb6 11. Nb3 Ne7 12. O-O O-O 13. Nfd4 Qd7 14. Qe2 Rc8 15. Bd2 Rc4 16. Kh1 Nbc6 17. Nxb5 Nxe5 18.
a4 Re4 19. Qh5 Nc4 20. Qf3 Nf5 21. Rfd1 Nb2 22. Re1 Rxa4 23. Rxa4 Nxa4 24. N5d4 Nxd4 25. cxd4 Qb5 26. Kg1 Qc4 27. Nc5 Rxe1+ 28. Bxe1 Qxd4 29. Nxa4 Qa1 30. Qe2 Qxa4 31. g4 Qb3 32. Kg2 Qc4 33. Qf3 Qe4 34. Bd2 f5 35. gxf5 exf5 36. Qxe4 dxe4 0-1

[Event "Late-Titled-Tuesday-Blitz-December-26-2023"]
[Site "Chess.com"]
[Date "2023.12.26"]
[Round "2"]
[White "IranianCheetah"]
[Black "Ajedrez_con_German"]
[Result "0-1"]
[WhiteElo "2352"]
[BlackElo "2603"]
[TimeControl "180+1"]
[EndTime "14:16:48 PST"]
[Termination "Ajedrez_con_German won by checkmate"]

1. e4 c5 2. Nf3 a6 3. c4 Nc6 4. d4 cxd4 5. Nxd4 e5 6. Nc2 Nf6 7. Nc3 Bc5 8. Be2 O-O 9. O-O h6 10. Rb1 a5 11. b3 Nd4 12. Ne3 d6 13. Ned5 Be6 14. Re1 Bxd5 15. exd5 Nd7 16. Nb5 Nxb5 17. cxb5 Qb6 18. Rf1 f5 19. a3 e4 20. b4 axb4 21. axb4 Bd4 22. Rb3 f4 23. Bg4 Ne5 24. Be6+ Kh8 25.
Qh5 Ra2 26. Rh3 Rxf2 27. Rxf2 Bxf2+ 28. Kh1 Qxb5 29. Qd1 e3 30. Bg4 Nxg4 31. Qxg4 Qf1# 0-1

[Event "Late-Titled-Tuesday-Blitz-December-26-2023"]
[Site "Chess.com"]
[Date "2023.12.26"]
[Round "2"]
[White "DinaBelenkaya"]
[Black "gxbg2000"]
[Result "1-0"]
[WhiteElo "2405"]
[BlackElo "1988"]
[TimeControl "180+1"]
[EndTime "14:16:49 PST"]
[Termination "DinaBelenkaya won by resignation"]

1. Nf3 Nf6 2. g3 c6 3. Bg2 d5 4. d3 g6 5. O-O Bg7 6. Nbd2 O-O 7. Re1 Bg4 8. h3 Bxf3 9. Nxf3 Nbd7 10. e4 dxe4 11. dxe4 e5 12. Bg5 h6 13. Bd2 Qb6 14. Bc3 Rfe8 15. a4 Rad8 16. Qe2 Nh5 17. a5 Qc7 18. Rad1 Bf6 19. Qe3 Kh7 20. Qxa7 Ng7 21. Qe3 Ne6 22. h4 Kg7 23. Nh2 h5 24. Nf3 c5 25.
Ng5 Bxg5 26. hxg5 Nd4 27. Rd2 Nf8 28. f4 Nfe6 29. f5 Nf8 30. f6+ Kg8 31. g4 hxg4 32.
Qg3 Qc8 33. Qh4 Nfe6 34. Kh2 Nf3+ 35. Bxf3 gxf3 36. Kg3 Rxd2 37. Bxd2 Rd8 38. Rh1 1-0

[Event "Late-Titled-Tuesday-Blitz-December-26-2023"]
[Site "Chess.com"]
[Date "2023.12.26"]
[Round "2"]
[White "axlbvRR"]
[Black "EsmeraldasAnderson03"]
[Result "0-1"]
[WhiteElo "1949"]
[BlackElo "2405"]
[TimeControl "180+1"]
[EndTime "14:16:50 PST"]
[Termination "EsmeraldasAnderson03 won by checkmate"]

1. e4 c5 2. Nf3 d6 3. d4 cxd4 4. Nxd4 Nf6 5. Nc3 a6 6. Be3 e5 7.
Nb3 Ng4 8. Qd2 Nxe3 9. Qxe3 Be7 10. O-O-O Be6 11. Nd5 O-O 12. Nxe7+ Qxe7 13. h4 b5 14. f3 Nc6 15. Kb1 Rfb8 16. g3 a5 17. f4 a4 18.
Nc1 Nd4 19. f5 Bc4 20. g4 Qc7 21. Rxd4 exd4 22. Qxd4 Bxf1 23. Rxf1 Qc4 24. Qf2 a3 25. bxa3 Rxa3 26. f6 Rba8 27. fxg7 Rxa2 28. Nb3 R8a3 29. Nd4 Ra1+ 30. Kb2 Qc3# 0-1

[Event "Late-Titled-Tuesday-Blitz-December-26-2023"]
[Site "Chess.com"]
[Date "2023.12.26"]
[Round "2"]
[White "DuleMudule"]
[Black "Mystery2007"]
[Result "1-0"]
[WhiteElo "2920"]
[BlackElo "2583"]
[TimeControl "180+1"]
[EndTime "14:16:52 PST"]
[Termination "DuleMudule won on time"]

1. d4 e6 2. e4 a6 3. a4 d5 4. Nc3 Nf6 5. e5 Nfd7 6. f4 c5 7. Nf3 Nc6 8. Be3 Qb6 9. a5 Nxa5 10. Na4 Qc7 11. dxc5 Nxc5 12. Nc3 Nc6 13. Bd3 Nxd3+ 14. cxd3 Be7 15. O-O O-O 16. d4 g6 17. f5 gxf5 18. Bh6 Kh8 19. Bxf8 Bxf8 20. Ng5 h6 21. Qh5 Kg8 22. Nf3 Ne7 23. Ne2 Ng6 24. Nh4 Kh7 25. Nf4 Nxh4 26. Qxh4 Be7 27. Qh5 Bg5 28. Rac1 Qe7 29. Rc3 Bd7 30. Rc7 Rc8 31.
Rxb7 Rc2 32. h4 Bxf4 33. Rxf4 Qe8 34. Qd1 Ba4 35. b3 Qc8 36. Rxf7+ Kg8 37. Qh5 Rc1+ 38. Kh2 1-0

[Event "Late-Titled-Tuesday-Blitz-December-26-2023"]
[Site "Chess.com"]
[Date "2023.12.26"]
[Round "2"]
[White "Kiborg95"]
[Black "pedromartinez91"]
[Result "1-0"]
[WhiteElo "2825"]
[BlackElo "2541"]
[TimeControl "180+1"]
[EndTime "14:16:52 PST"]
[Termination "Kiborg95 won by resignation"]

1. e4 c5 2. Nc3 Nc6 3. Nge2 g6 4. d4 c4 5. d5 Na5 6. Qd4 Nf6 7. e5 Nh5 8. g4 Ng7 9. h3 h5 10. Bg2 d6 11. exd6 Qxd6 12. Bf4 Qb4 13. O-O-O Qb6 14. Qxb6 axb6 15. Nb5 Kd7 16. Nec3 Ne8 17. Na4 Ra6 18. Be3 Nc7 19. Nbc3 Na8 20. Bd4 Rh7 21. Be4 Bh6+ 22.
Kb1 Bf4 23. Rhe1 Bd6 24. Nb5 Bf4 25. f3 Kd8 26. d6 Bd7 27. dxe7+ Kxe7 28. Bxb7+ Be6 29.
Bxa6 Nc6 30. Bc3 hxg4 31. hxg4 Rh8 32. Bb7 Ne5 33. Bxe5 Bxe5 34. Rxe5 1-0

[Event "Late-Titled-Tuesday-Blitz-December-26-2023"]
[Site "Chess.com"]
[Date "2023.12.26"]
[Round "2"]
[White "kikoveiga"]
[Black "FontVella8"]
[Result "0-1"]
[WhiteElo "2527"]
[BlackElo "2780"]
[TimeControl "180+1"]
[EndTime "14:16:52 PST"]
[Termination "FontVella8 won by resignation"]

1. c4 e6 2. g3 d5 3. Bg2 Nf6 4.
Nf3 dxc4 5. O-O Nbd7 6. Qc2 c5 7.
Qxc4 Be7 8. d3 O-O 9. Nc3 b6 10. Bf4 Bb7 11. a4 a6 12. Rfd1 Qc8 13. Rac1 Bc6 14. d4 Qb7 15. dxc5 b5 16. Qa2 Bxc5 17.
Bd6 Bxd6 18. Rxd6 b4 19. Nd1 Bd5 20. b3 Ne4 21. Rxd5 exd5 22. Nd4 Rac8 23. Qb2 Rxc1 24. Qxc1 Rc8 25. Qf4 Qc7 26. Qxc7 Rxc7 27. Ne3 Rc1+ 28.
Bf1 Nd2 29. Kg2 Nc5 30. f3 Ncxb3 31. Nxb3 Nxb3 32. Nxd5 a5 33. Kf2 Nd2 34. Bh3 b3 35. Bf5 b2 0-1

[Event "Late-Titled-Tuesday-Blitz-December-26-2023"]
[Site "Chess.com"]
[Date "2023.12.26"]
[Round "2"]
[White "prime-morty"]
[Black "oskariot"]
[Result "0-1"]
[WhiteElo "2542"]
[BlackElo "2836"]
[TimeControl "180+1"]
[EndTime "14:16:53 PST"]
[Termination "oskariot won by resignation"]

1. c4 Nf6 2. Nc3 g6 3. e4 d6 4.
g3 Bg7 5. Bg2 c5 6. Nge2 Nc6 7. a3 Nd7 8. Rb1 Rb8 9. b4 b6 10. O-O O-O 11. d3 Bb7 12. f4 Nd4 13. Kh1 e6 14. Nxd4 cxd4 15. Ne2 f5 16. Bb2 e5 17.
exf5 Bxg2+ 18. Kxg2 gxf5 19. Qd2 Qc8 20. Rbe1 Qc6+ 21.
Kg1 Rbe8 22. Nc1 b5 23. cxb5 Qxb5 24. Qc2 Qd5 25. fxe5 dxe5 26. Qb3 Nb6 27. Re2 Bh6 28. Rfe1 Be3+ 29. Kf1 f4 30. Qxd5+ Nxd5 31. gxf4 Nxf4 32. Rxe3 dxe3 33. Kg1 e2 34. Nxe2 Nxd3 35. Rb1 Rf2 0-1

[Event "Late-Titled-Tuesday-Blitz-December-26-2023"]
[Site "Chess.com"]
[Date "2023.12.26"]
[Round "2"]
[White "Predator0608"]
[Black "Genghis_K"]
[Result "0-1"]
[WhiteElo "2547"]
[BlackElo "2859"]
[TimeControl "180+1"]
[EndTime "14:16:54 PST"]
[Termination "Genghis_K won by resignation"]

1. e4 c5 2. Nf3 d6 3. d4 cxd4 4. Nxd4 Nf6 5. Nc3 a6 6. Be3 Ng4 7. Bg5 h6 8. Bh4 g5 9. Bg3 Bg7 10. Be2 h5 11. h3 h4 12. hxg4 hxg3 13. Rxh8+ Bxh8 14. fxg3 Nc6 15. Nf5 Qb6 16. Nd5 Qg1+ 17. Bf1 Bxf5 18. gxf5 Bxb2 19. Rb1 Bd4 20. Qd2 Rb8 21.
c3 Be5 22. Qxg5 Qc5 23. Qg8+ Kd7 24. Qxf7 Bxc3+ 25. Ke2 Qc4+ 26. Ke3 Qd4+ 27. Ke2 Qd2+ 0-1

[Event "Late-Titled-Tuesday-Blitz-December-26-2023"]
[Site "Chess.com"]
[Date "2023.12.26"]
[Round "2"]
[White "Camilla_Lee"]
[Black "Zampronha1971"]
[Result "1-0"]
[WhiteElo "2608"]
[BlackElo "2332"]
[TimeControl "180+1"]
[EndTime "14:16:55 PST"]
[Termination "Camilla_Lee won by checkmate"]

1. e4 c5 2. Nf3 e6 3. c3 Nf6 4. Bd3 c4 5. Bc2 d5 6. e5 Nfd7 7. b3 cxb3 8. axb3 Be7 9. d4 b6 10. h4 Ba6 11. Ng5 h6 12. Nxe6 fxe6 13. Bg6+ Kf8 14.
Qf3+ Bf6 15. g4 Kg8 16. exf6 Qxf6 17. Qxf6 Nxf6 18. f3 Kf8 19. Ba3+ Kg8 20. Bd6 Nfd7 21. Kf2 Nf8 22. Bc2 Nfd7 23. h5 Bc8 24. Re1 Nf8 25.
Bxb8 Rxb8 26. Rxa7 Rb7 27. Ra8 Rc7 28. Bd3 Kf7 29. c4 Nd7 30. cxd5 exd5 31. Bf5 Rd8 32. Be6+ Kf6 33. Bxd5 Nc5 34. dxc5 Rxd5 35. cxb6 Rc6 36. b7 Bxb7 37. Rf8+ Kg5 38. Kg3 Rd4 39. Re5# 1-0

[Event "Late-Titled-Tuesday-Blitz-December-26-2023"]
[Site "Chess.com"]
[Date "2023.12.26"]
[Round "2"]
[White "YouShallNotPass001"]
[Black "attack2mateU"]
[Result "0-1"]
[WhiteElo "2509"]
[BlackElo "2710"]
[TimeControl "180+1"]
[EndTime "14:16:57 PST"]
[Termination "attack2mateU won by resignation"]

1. Nf3 c5 2. g3 Nc6 3. Bg2 e5 4. O-O d5 5. c4 Nf6 6. Qa4 dxc4 7. Nxe5 Bd7 8. Nxc6 Qb6 9. Qxc4 Bxc6 10. Bxc6+ Qxc6 11.
d3 b5 12. Qb3 Be7 13. a4 b4 14. Be3 Nd5 15. Nd2 h5 16. Nf3 h4 17. Rac1 hxg3 18.
hxg3 Qe6 19. Bg5 Qh3 20. Bh4 Nf4 21. gxf4 Bxh4 22. Qd5 Bd8 23. Nh4 Rxh4 24. Rfd1 Rg4+ 0-1

[Event "Late-Titled-Tuesday-Blitz-December-26-2023"]
[Site "Chess.com"]
[Date "2023.12.26"]
[Round "2"]
[White "djano"]
[Black "Dewarfd"]
[Result "1-0"]
[WhiteElo "2645"]
[BlackElo "2122"]
[TimeControl "180+1"]
[EndTime "14:16:57 PST"]
[Termination "djano won on time"]

1. e4 c5 2. Nc3 e6 3. f4 d5 4. Nf3 dxe4 5. Nxe4 Nf6 6. Nxf6+ Qxf6 7. g3 Nc6 8. Bg2 Bd6 9. O-O O-O 10. d3 Rb8 11. Ng5 Be7 12. Qh5 h6 13. Ne4 Qd4+ 14.
Kh1 b6 15. g4 Bb7 16. g5 f5 17. Ng3 hxg5 18. fxg5 Qg4 19. Qg6 Nd4 20. Bf4 Bxg2+ 21. Kxg2 Rbe8 22. Rae1 Nxc2 23. Rxe6 Nd4 24. Re3 Nc2 25. Re2 Nd4 26. Ref2 Bd8 27. h3 Qh4 28. Qh5 Qxh5 29. Nxh5 Ne6 30. Bd2 Nxg5 31. h4 Ne6 32. Rxf5 Rxf5 33. Rxf5 g6 34. Nf6+ Kf7 35. Nxe8+ gxf5 36. Nd6+ Kf6 37. Nc8 1-0

[Event "Late-Titled-Tuesday-Blitz-December-26-2023"]
[Site "Chess.com"]
[Date "2023.12.26"]
[Round "2"]
[White "2346PL"]
[Black "Byniolus"]
[Result "1-0"]
[WhiteElo "2553"]
[BlackElo "2806"]
[TimeControl "180+1"]
[EndTime "14:16:58 PST"]
[Termination "2346PL won by resignation"]

1. d4 d6 2. e4 Nf6 3. Nc3 c6 4. a4 a5 5. Nf3 Bg4 6. Be2 e6 7.
Be3 d5 8. exd5 exd5 9. h3 Bf5 10.
Ne5 Nbd7 11. O-O Be7 12. g4 Bg6 13. f4 Be4 14. g5 Ng8 15. Nxe4 dxe4 16. Bc4 Nxe5 17.
dxe5 h6 18. g6 f6 19. Qg4 h5 20. Qe6 Nh6 21. exf6 gxf6 22. f5 Qd6 23. Qxd6 Bxd6 24. g7 Ke7 25. gxh8=Q Rxh8 26. Bxh6 Rxh6 27. Kf2 Bc5+ 28.
Ke2 Rh7 29. Rf4 Rg7 30. Rxe4+ Kd6 31. Kf3 Kc7 32. Rae1 Kb6 33. Re8 h4 34. Rg8 Rd7 35.
Bd3 Rd4 36. Rg4 Rd5 37. Rxh4 Bb4 38. Rxb4+ axb4 39. h4 Ka5 40. b3 Rd7 41. h5 b5 42. axb5 cxb5 43. h6 Rh7 44. Rh1 Kb6 45.
Kg4 1-0

[Event "Late-Titled-Tuesday-Blitz-December-26-2023"]
[Site "Chess.com"]
[Date "2023.12.26"]
[Round "2"]
[White "matagordo"]
[Black "almaguerjm"]
[Result "0-1"]
[WhiteElo "2265"]
[BlackElo "2492"]
[TimeControl "180+1"]
[EndTime "14:16:59 PST"]
[Termination "almaguerjm won by checkmate"]

1. d4 Nf6 2. Bf4 c5 3. d5 e6 4.
Nc3 d6 5. e4 e5 6. Be3 Ng4 7. Bc1 f5 8. Bb5+ Kf7 9. h3 Nf6 10.
Nge2 a6 11. Bd3 b5 12. Ng3 c4 13. Be2 f4 14. Nh5 g6 15. Nxf6 Qxf6 16. O-O Ra7 17.
Bg4 Bd7 18. Bxd7 Nxd7 19. Qf3 h5 20. g3 g5 21. gxf4 exf4 22. Ne2 Ne5 23. Qc3 Bh6 24. Nd4 g4 25. Nf5 gxh3 26. Qxh3 Bg5 27. Kh1 Qg6 28.
Rg1 Ng4 29. Rxg4 hxg4 30. Qxh8 Rd7 31. Bd2 Rd8 32. Nxd6+ Rxd6 33. Kg2 Qxe4+ 34. Kf1 Rh6 35.
Qc8 Rh1# 0-1

[Event "Late-Titled-Tuesday-Blitz-December-26-2023"]
[Site "Chess.com"]
[Date "2023.12.26"]
[Round "2"]
[White "AkatsukiLogHorizon"]
[Black "venturov"]
[Result "0-1"]
[WhiteElo "2205"]
[BlackElo "2476"]
[TimeControl "180+1"]
[EndTime "14:16:59 PST"]
[Termination "venturov won by resignation"]

1. e4 Nf6 2. e5 Nd5 3. c4 Nb6 4.
d4 d6 5. exd6 cxd6 6. Nc3 g6 7.
b3 Bg7 8. Nf3 O-O 9. Be3 Bg4 10. Be2 d5 11. c5 Nc8 12. h3 Bxf3 13. Bxf3 e6 14. b4 Nc6 15. b5 Na5 16. O-O Ne7 17. a4 Nf5 18. Qd3 Nb3 19. Rad1 Nbxd4 20. Bxd4 Nxd4 21. Ne2 Nxe2+ 22. Bxe2 Qa5 23. Qb3 Rfc8 24. Rc1 Bd4 25. c6 bxc6 26. Rxc6 Rxc6 27. bxc6 Rc8 28. Qb5 Qc3 29. Rd1 Bb6 30. Rb1 Qxc6 31. a5 Qxb5 32. Rxb5 Rc1+ 33. Bf1 Bd4 34. Rb4 Bc3 35. Rb8+ Kg7 36.
a6 Bd4 37. Rb4 Bb6 38. g3 Rc2 39. h4 Bxf2+ 0-1

[Event "Late-Titled-Tuesday-Blitz-December-26-2023"]
[Site "Chess.com"]
[Date "2023.12.26"]
[Round "2"]
[White "Slovak_fighter2000"]
[Black "Walter_White_Poland"]
[Result "1-0"]
[WhiteElo "2494"]
[BlackElo "2266"]
[TimeControl "180+1"]
[EndTime "14:17:00 PST"]
[Termination "Slovak_fighter2000 won by resignation"]

1. d4 Nf6 2. Nf3 c5 3. d5 e6 4.
Nc3 exd5 5. Nxd5 Nxd5 6. Qxd5 Be7 7. e4 Nc6 8. c3 O-O 9. Bc4 d6 10. O-O Be6 11. Qd3 Qb6 12. b3 Rad8 13. Bf4 Bf6 14. Rad1 Ne5 15. Bxe5 Bxc4 16. Qxc4 Bxe5 17. Nxe5 dxe5 18.
Rd5 Rxd5 19. Qxd5 Qa5 20. Qxb7 Qxa2 21. h3 a5 22. Qb5 Rc8 23. Qc4 Qc2 24. Ra1 h6 25. g3 Rd8 26. Qxc5 Qxb3 27. Rxa5 Rd1+ 28. Kg2 Qb1 29. Qc8+ Kh7 30. Qf5+ 1-0

[Event "Late-Titled-Tuesday-Blitz-December-26-2023"]
[Site "Chess.com"]
[Date "2023.12.26"]
[Round "2"]
[White "LukaRadovic0803"]
[Black "CFalcons8"]
[Result "0-1"]
[WhiteElo "2463"]
[BlackElo "2239"]
[TimeControl "180+1"]
[EndTime "14:17:02 PST"]
[Termination "CFalcons8 won on time"]

1. Nf3 Nf6 2. c4 e6 3. g3 b6 4. Bg2 Bb7 5. O-O c5 6. Nc3 Be7 7. d4 cxd4 8. Qxd4 Nc6 9. Qd2 O-O 10. b3 d5 11. cxd5 exd5 12. Rd1 Bb4 13. a3 Ne4 14. Nxe4 Bxd2 15. Nexd2 Qf6 16. Rb1 Rfe8 17. Bb2 Qg6 18.
Nf1 Rxe2 19. Ne3 Re8 20. Nxd5 Qf5 21. b4 Ne7 22. Ne3 Rxe3 23. fxe3 Bxf3 24. Rf1 Bxg2 25. Rxf5 Nxf5 26. Kxg2 Nxe3+ 27. Kf3 Nc4 28. a4 Nd2+ 0-1

[Event "Late-Titled-Tuesday-Blitz-December-26-2023"]
[Site "Chess.com"]
[Date "2023.12.26"]
[Round "2"]
[White "YurasovMat-2012"]
[Black "baag"]
[Result "0-1"]
[WhiteElo "2541"]
[BlackElo "2829"]
[TimeControl "180+1"]
[EndTime "14:17:03 PST"]
[Termination "baag won on time"]

1. e4 c6 2. Nf3 d5 3. d3 dxe4 4.
dxe4 Qxd1+ 5. Kxd1 Nf6 6. Nbd2 g6 7. h3 Bh6 8. b3 O-O 9. Bb2 Rd8 10. Ke1 a5 11. a3 Na6 12. e5 Nd5 13. g3 Nc5 14. Bg2 Bf5 15. Rc1 Ne4 16. Bf1 Nxd2 17. Nxd2 Nb4 18. f4 Nxc2+ 19. Ke2 Nd4+ 20. Ke3 Nc2+ 21. Ke2 Bd3+ 22. Kf3 Nd4+ 23. Bxd4 Rxd4 24. Ke3 Rad8 25. Nf3 R4d5 26. Rd1 Be4 27. Rxd5 Bxd5 28. Bc4 e6 29. Rd1 Bf8 30. a4 Bc5+ 0-1